 Dungeon Sprint DCSS version 0.17-a0-1909-g0b14330 (webtiles) character file.

5868 Burgietje the Black Belt (level 10, -6/123 HPs)
             Began as a Troll Monk on Sept 25, 2015.
             Was the Champion of Jiyva.
             Succumbed to a ghost moth's poison
             ... in the Dungeon (Sprint VII: "The Pits").
             The game lasted 00:18:30 (1590 turns).

Burgietje the Black Belt (Troll Monk)               Turns: 1590, Time: 00:18:30

Health: -6/123     AC:  8    Str: 15 (18) XL:     10   Next: 52%
Magic:  0/9        EV: 15    Int:  6      God:    Jiyva [******]
Gold:   38         SH:  2    Dex: 21      Spells: 0 memorised, 9 levels left

rFire  . . .     SeeInvis .       - Unarmed
rCold  + . .     Clarity  .     a - +0 robe
rNeg   . . .     SustAt   .     (no shield)
rPois  .         Gourm    +     (helmet restricted)
rElec  .         Spirit   .     (no cloak)
rCorr  +         Warding  .     (gloves unavailable)
rMut   .         NoTele   +     (boots unavailable)
MR     .....                    (no amulet)
Stlth  +++.......               o - +3 ring of evasion
                                n - +3 ring of dexterity

@: lethally poisoned (-6 -> -110), not resistant to hostile enchantments, fairly
stealthy
A: unfitting armour, beak, claws 3, talons 1, large bone plates 1, molten scales
1, cold resistance 1, deterioration 1, fast metabolism 3, gourmand, regeneration
2, shaggy fur 1, tough skin 2, eyeballs 1, gelatinous body 2, pseudopods 2,
translucent skin 2, evolution 1
a: Request Jelly, Jelly Paralyse, Slimify, Cure Bad Mutation, Renounce Religion


You were in the Dungeon.
You worshipped Jiyva.
Jiyva was exalted by your worship.
You were completely stuffed.

You visited 1 branch You collected 38 gold pieces.

Inventory:

Hand weapons
 r - the +7 Spriggan's Knife {MR+ EV+4 Dex+4 Stlth+}
   (You found it in the Dungeon)

   It affects your evasion (+4).
   It affects your dexterity (+4).
   It affects your resistance to hostile enchantments.
   It makes you more stealthy.
Missiles
 l - 16 stones (quivered)
Armour
 a - a +0 robe (worn)
Jewellery
 n - a +3 ring of dexterity (left claw)
 o - a +3 ring of evasion (right claw)
 v - an uncursed ring of fire
 x - an uncursed ring of fire
Magical devices
 h - a wand of fireball (10)
Scrolls
 q - a scroll of recharging
 s - 4 scrolls of enchant weapon
 u - 3 scrolls of identify
 w - 2 scrolls of enchant armour
Potions
 c - 6 potions of curing
 d - 5 potions of heal wounds
 e - 3 potions of haste
 f - 4 potions of magic
 g - 4 potions of berserk rage
 k - 2 potions of invisibility
 p - a potion of might
 t - a potion of resistance
Comestibles
 b - 9 bread rations
 i - 40 fruits
 j - 9 meat rations
 m - 5 chunks of flesh


   Skills:
 + Level 14.7 Fighting
 - Level 2.4 Dodging
 - Level 1.1 Stealth
 + Level 17.2 Unarmed Combat


You had 9 spell levels left.
You didn't know any spells.

Dungeon Overview and Level Annotations

Branches:
Dungeon (1/1)

Altars:
Ashenzari
Cheibriados
Dithmenos
Elyvilon
Fedhas
Gozag
Kikubaaqudgha
Makhleb
Nemelex Xobeh
Okawaru
Qazlal
Ru
Sif Muna
Trog
Vehumet
Xom
Yredelemnul
Zin
The Shining One
Beogh
Jiyva
Lugonu


Innate Abilities, Weirdness & Mutations

You are too large for most types of armour.
You have claws for hands.
Your metabolism is lightning-fast.
You like to eat raw meat.
You heal very quickly.
You are covered in fur (AC +1).
You have very tough skin (AC +2).
You have a beak for a mouth.
You have sharp toenails.
You are partially covered in large bone plates (AC +2, SH +2).
You are partially covered in molten scales (AC +1).
Your flesh is cold resistant.
Your body sometimes deteriorates upon taking damage.
Your body is partially covered in golden eyeballs (Acc +3).
Your pliable body absorbs attacks (AC +1, EV +1).
Armour fits poorly on your large pseudopods.
Your skin is mostly translucent (Stealth, -foe acc).
You evolve.


Message History

Something poisons you!
* * * LOW HITPOINT WARNING * * *
You feel extremely sick.
You feel you are being watched by something.
* * * LOW HITPOINT WARNING * * *
You feel extremely sick.
You feel you are being watched by something.
* * * LOW HITPOINT WARNING * * *
You feel extremely sick.
You feel you are being watched by something.
You scratch something but do no damage. You claw something.
Your bludgeon misses something.
* * * LOW HITPOINT WARNING * * *
You feel very sick.
You feel you are being watched by something.
Something barely misses you. x2
Something stings you.
* * * LOW HITPOINT WARNING * * *
You claw something!
You die...

#++###################
#........@{.E.........
#........J............
#..##############++###
#..# #..# #..# #..#
#..# #..#


You could see an earth elemental and a neutral jelly (fellow slime).

Vanquished Creatures
  An ogre mage (D)
  An anaconda (D)
  Maurice (D)
  A black mamba (D)
  An efreet (D)
  A komodo dragon (D)
  A smoke demon (D)
  A yaktaur (D)
  A hellwing (D)
  A merfolk (D)
  A freezing wraith (D)
  Grinder (D)
  A bog body (D)
  A boulder beetle (D)
  A spriggan (D)
  A basilisk (D)
  A wyvern (D)
  A water moccasin (D)
  2 orc warriors (D)
  2 ice beasts (D)
  A centaur (D)
  2 ogres (D)
  A brain worm (D)
  A giant frog (D)
  An earth elemental (D)
  A scorpion (D)
  A hound (D)
  A worker ant (D)
  A sheep (D)
  A mummy (D)
  An ufetubus (D)
  An adder skeleton (D)
  A giant gecko (D)
  2 orcs (D)
  A bat (D)
  A hobgoblin (D)
  A kobold (D)
  A quokka (D)
  A giant cockroach zombie (D)
  3 giant newts (D)
  A quokka zombie (D)
47 creatures vanquished.

Vanquished Creatures (collateral kills)
  A shadow wraith (D)
  A griffon (D)
  A porcupine (D)
  Purgy (D)
4 creatures vanquished.

Vanquished Creatures (others)
  Urug (D)
  Sonja (D)
  An orc high priest (D)
  A swamp dragon (D)
  A molten gargoyle (D)
  3 two-headed ogres (D)
  A troll (D)
  A jumping spider (D)
  A water elemental (D)
  A trapdoor spider (D)
  A fire bat (D)
  A warg (D)
  A golden eye (D)
  A wolf (D)
  2 orc warriors (D)
  A black bear (D)
  2 centaurs (D)
  2 ogres (D)
  28 jellies (D)
  A small abomination (D)
  An orc priest (D)
  A hell rat (D)
  7 sheep (D)
  An adder zombie (D)
  5 orcs (D)
  A kobold (D)
  A bat simulacrum (D)
69 creatures vanquished.

Grand Total: 120 creatures vanquished

Notes
Turn   | Place    | Note
--------------------------------------------------------------
     0 | D        | Burgietje the Troll Monk began the quest for the Orb.
     0 | D        | Reached XP level 1. HP: 22/22 MP: 0/0
    33 | D        | Found a sacrificial altar of Ru.
    33 | D        | Found a basalt altar of Yredelemnul.
    33 | D        | Found a shadowy altar of Dithmenos.
    33 | D        | Found a deep blue altar of Sif Muna.
    33 | D        | Found a burning altar of Makhleb.
    33 | D        | Found a shimmering altar of Xom.
    33 | D        | Found an ancient bone altar of Kikubaaqudgha.
    33 | D        | Found a sparkling altar of Nemelex Xobeh.
    34 | D        | Found a glowing golden altar of the Shining One.
    34 | D        | Found a bloodstained altar of Trog.
    34 | D        | Found a shattered altar of Ashenzari.
    34 | D        | Found a white marble altar of Elyvilon.
    34 | D        | Found a snail-covered altar of Cheibriados.
    34 | D        | Found a blossoming altar of Fedhas.
    34 | D        | Found a radiant altar of Vehumet.
    34 | D        | Found a glowing silver altar of Zin.
    34 | D        | Found a corrupted altar of Lugonu.
    34 | D        | Found a viscous altar of Jiyva.
    34 | D        | Found a roughly hewn altar of Beogh.
    34 | D        | Found an iron altar of Okawaru.
    40 | D        | Found a stormy altar of Qazlal.
    53 | D        | Became a worshipper of Jiyva Juaddosh the Shapeless
    53 | D        | Acquired Jiyva's first power
    53 | D        | Acquired Jiyva's second power
    69 | D        | Acquired Jiyva's third power
    72 | D        | Acquired Jiyva's fourth power
    72 | D        | Gained mutation: You have large cloven feet. [Jiyva's grace]
    82 | D        | Gained mutation: You are frail (-10% HP). [Jiyva's grace]
    83 | D        | Gained mutation: Your flesh is heat resistant. [Jiyva's grace]
    87 | D        | Lost mutation: You have large cloven feet. [Jiyva's grace]
    90 | D        | Gained mutation: Your muscles are strong. (Str +2) [Jiyva's grace]
    91 | D        | Lost mutation: You are frail (-10% HP). [Jiyva's grace]
   108 | D        | Reached XP level 2. HP: 31/31 MP: 1/1
   114 | D        | Noticed a porcupine
   116 | D        | Reached skill level 5 in Unarmed Combat
   146 | D        | Killed a porcupine
   146 | D        | Reached skill level 5 in Fighting
   146 | D        | Reached skill level 7 in Unarmed Combat
   146 | D        | Reached XP level 3. HP: 17/44 MP: 2/2
   146 | D        | Reached XP level 4. HP: 20/52 MP: 3/3
   227 | D        | Gained mutation: Your body is partially covered in golden eyeballs (Acc +3). [Jiyva's grace]
   230 | D        | Gained mutation: Your body is mostly covered in golden eyeballs (Acc +5). [Jiyva's grace]
   231 | D        | Gained mutation: You can breathe flames. [Jiyva's grace]
   233 | D        | Gained mutation: You tend to lose your temper in combat. [Jiyva's grace]
   235 | D        | Lost mutation: Your body is mostly covered in golden eyeballs (Acc +5). [Jiyva's grace]
   248 | D        | Gained mutation: Your mind is acute. (Int +2) [Jiyva's grace]
   280 | D        | Noticed a brain worm
   281 | D        | Noticed an orc warrior
   281 | D        | Noticed a scorpion
   305 | D        | Killed a brain worm
   305 | D        | Reached skill level 8 in Unarmed Combat
   305 | D        | Reached XP level 5. HP: 54/61 MP: 4/4
   313 | D        | Noticed Grinder
   314 | D        | Noticed an ice beast
   336 | D        | Lost mutation: You can breathe flames. [Jiyva's grace]
   336 | D        | Gained mutation: Your body is mostly covered in golden eyeballs (Acc +5). [Jiyva's grace]
   337 | D        | Killed an orc warrior
   337 | D        | Reached skill level 9 in Unarmed Combat
   337 | D        | Reached XP level 6. HP: 56/72 MP: 5/5
   338 | D        | Lost mutation: Your mind is acute. (Int +2) [Jiyva's grace]
   338 | D        | Gained mutation: You are resistant to hostile enchantments. [Jiyva's grace]
   341 | D        | Killed Grinder
   341 | D        | Reached skill level 10 in Unarmed Combat
   342 | D        | Gained mutation: You are highly resistant to hostile enchantments. [Jiyva's grace]
   348 | D        | Lost mutation: Your flesh is heat resistant. [Jiyva's grace]
   348 | D        | Gained mutation: Your spells are a little harder to cast, but a little more powerful. [Jiyva's grace]
   349 | D        | Killed a scorpion
   349 | D        | Lost mutation: You are highly resistant to hostile enchantments. [Jiyva's grace]
   349 | D        | Lost mutation: You tend to lose your temper in combat. [Jiyva's grace]
   350 | D        | Killed an ice beast
   350 | D        | Reached skill level 11 in Unarmed Combat
   350 | D        | Reached XP level 7. HP: 59/83 MP: 6/6
   354 | D        | Gained mutation: You are partially covered in large bone plates (AC +2, SH +2). [Jiyva's grace]
   371 | D        | Noticed a giant frog
   374 | D        | Killed a giant frog
   385 | D        | Noticed a hellwing
   392 | D        | Killed a hellwing
   392 | D        | Reached skill level 10 in Fighting
   392 | D        | Reached skill level 12 in Unarmed Combat
   395 | D        | Noticed a hound
   395 | D        | Noticed a griffon
   396 | D        | Noticed an ogre
   396 | D        | Noticed Purgy
   396 | D        | Noticed a centaur
   396 | D        | Noticed an ice beast
   407 | D        | Killed a shadow wraith
   407 | D        | Reached XP level 8. HP: 12/96 MP: 5/7
   410 | D        | Killed Purgy
   410 | D        | Reached skill level 13 in Unarmed Combat
   414 | D        | Killed a griffon
   417 | D        | Killed an ice beast
   422 | D        | Killed an ogre
   447 | D        | Killed a centaur
   449 | D        | Killed a hound
   457 | D        | Gained mutation: You can breathe flames. [Jiyva's grace]
   464 | D        | Gained mutation: You are partially covered in icy blue scales (AC +1). [Jiyva's grace]
   486 | D        | Gained mutation: Your skin is partially translucent (Stealth, -foe acc). [Jiyva's grace]
   491 | D        | Gained mutation: Your rubbery body absorbs attacks (AC +1). [Jiyva's grace]
   494 | D        | Gained mutation: You are dopey. (Int -2) [Jiyva's grace]
   497 | D        | Gained mutation: Your pliable body absorbs attacks (AC +1, EV +1). [Jiyva's grace]
   501 | D        | Lost mutation: Your body is mostly covered in golden eyeballs (Acc +5). [Jiyva's grace]
   502 | D        | Lost mutation: Your spells are a little harder to cast, but a little more powerful. [Jiyva's grace]
   503 | D        | Gained mutation: You have sharp toenails. [Jiyva's grace]
   504 | D        | Lost mutation: You can breathe flames. [Jiyva's grace]
   504 | D        | Gained mutation: You can spit weak poison. [Jiyva's grace]
   563 | D        | Found an opulent altar of Gozag.
   603 | D        | Noticed a water moccasin
   603 | D        | Noticed a merfolk
   604 | D        | Noticed a worker ant
   626 | D        | Killed a water moccasin
   626 | D        | Reached skill level 14 in Unarmed Combat
   636 | D        | Killed a worker ant
   642 | D        | Killed a merfolk
   642 | D        | Reached XP level 9. HP: 31/106 MP: 8/8
   664 | D        | Lost mutation: You can spit weak poison. [Jiyva's grace]
   767 | D        | Noticed a black mamba
   772 | D        | Killed a black mamba
   784 | D        | Noticed a hell rat
   792 | D        | Noticed a black bear
   792 | D        | Noticed a four-headed hydra
   793 | D        | Noticed a spriggan
   801 | D        | Killed a fire bat
   804 | D        | Slimified a four-headed hydra
   804 | D        | Noticed an azure jelly
   804 | D        | a four-headed hydra changed into an azure jelly
   814 | D        | Gained mutation: You are robust (+10% HP). [Jiyva's grace]
   835 | D        | Killed a hell rat
   840 | D        | Killed a spriggan
   846 | D        | Killed a centaur
   849 | D        | Gained mutation: Your muscles are very strong. (Str +4) [Jiyva's grace]
   860 | D        | Killed a black bear
   880 | D        | Killed a small abomination
   881 | D        | Killed a centaur
   883 | D        | Lost mutation: Your body is partially covered in golden eyeballs (Acc +3). [Jiyva's grace]
   885 | D        | Gained mutation: You have acidic saliva. [Jiyva's grace]
   930 | D        | Killed a golden eye
   935 | D        | Killed a swamp dragon
   955 | D        | Killed a molten gargoyle
   960 | D        | Killed Urug
   962 | D        | Killed an orc high priest
   963 | D        | Killed an orc warrior
   965 | D        | Killed a warg
   967 | D        | Killed an orc warrior
   968 | D        | Lost mutation: Your skin is partially translucent (Stealth, -foe acc). [Jiyva's grace]
   970 | D        | Lost mutation: You are partially covered in icy blue scales (AC +1). [Jiyva's grace]
   971 | D        | Lost mutation: You have sharp toenails. [Jiyva's grace]
   973 | D        | Lost mutation: You have acidic saliva. [Jiyva's grace]
   977 | D        | Noticed a smoke demon
   977 | D        | Gained mutation: You possess an exceptional clarity of mind. [Jiyva's grace]
   977 | D        | Gained mutation: Armour fits poorly on your pseudopods. [Jiyva's grace]
   977 | D        | Lost mutation: You are dopey. (Int -2) [Jiyva's grace]
   982 | D        | Killed a two-headed ogre
   983 | D        | Killed a smoke demon
   983 | D        | Killed a two-headed ogre
   984 | D        | Killed an ogre
   986 | D        | Gained mutation: Your spells are a little harder to cast, but a little more powerful. [Jiyva's grace]
   991 | D        | Killed a two-headed ogre
   992 | D        | Gained mutation: Your spells are harder to cast, but more powerful. [Jiyva's grace]
   994 | D        | Killed a wolf
   996 | D        | Gained mutation: You are covered in slimy tendrils that may disarm your opponents. [Jiyva's grace]
   996 | D        | Lost mutation: You are resistant to hostile enchantments. [Jiyva's grace]
   996 | D        | Lost mutation: You possess an exceptional clarity of mind. [Jiyva's grace]
   997 | D        | Killed an ogre
  1001 | D        | Killed a water elemental
  1002 | D        | Noticed Maurice
  1002 | D        | Noticed a freezing wraith
  1006 | D        | Killed a freezing wraith
  1006 | D        | Reached skill level 15 in Unarmed Combat
  1013 | D        | Killed Maurice
  1029 | D        | Noticed an ogre mage
  1030 | D        | Noticed an ogre
  1040 | D        | Killed an ogre mage
  1040 | D        | Reached skill level 16 in Unarmed Combat
  1041 | D        | Killed an ogre
  1049 | D        | Gained mutation: Armour fits poorly on your large pseudopods. [Jiyva's grace]
  1050 | D        | Noticed an orc warrior
  1050 | D        | Killed an orc priest
  1051 | D        | Noticed a wyvern
  1052 | D        | Noticed a boulder beetle
  1062 | D        | Killed a trapdoor spider
  1069 | D        | Killed a wyvern
  1069 | D        | Reached XP level 10. HP: 127/132 MP: 9/9
  1069 | D        | Killed a troll
  1071 | D        | Killed an orc warrior
  1071 | D        | Lost mutation: Your spells are harder to cast, but more powerful. [Jiyva's grace]
  1071 | D        | Gained mutation: Your body sometimes deteriorates upon taking damage. [Jiyva's grace]
  1072 | D        | Lost mutation: Your muscles are very strong. (Str +4) [Jiyva's grace]
  1078 | D        | Noticed a yaktaur
  1078 | D        | Gained mutation: You have acidic saliva. [Jiyva's grace]
  1083 | D        | Killed a yaktaur
  1088 | D        | Gained mutation: Armour fits poorly on your massive pseudopods. [Jiyva's grace]
  1095 | D        | Gained mutation: You are partially covered in molten scales (AC +1). [Jiyva's grace]
  1100 | D        | Killed a boulder beetle
  1104 | D        | Noticed Sonja
  1106 | D        | Noticed a bog body
  1106 | D        | Gained mutation: Your body is partially covered in golden eyeballs (Acc +3). [Jiyva's grace]
  1112 | D        | Lost mutation: You are covered in slimy tendrils that may disarm your opponents. [Jiyva's grace]
  1113 | D        | Lost mutation: Your spells are a little harder to cast, but a little more powerful. [Jiyva's grace]
  1114 | D        | Killed a bog body
  1121 | D        | Gained mutation: Your skin is partially translucent (Stealth, -foe acc). [Jiyva's grace]
  1129 | D        | Killed Sonja
  1130 | D        | Gained mutation: You have sharp toenails. [Jiyva's grace]
  1131 | D        | Lost mutation: You are robust (+10% HP). [Jiyva's grace]
  1152 | D        | Gained mutation: You have a beak for a mouth. [Jiyva's grace]
  1152 | D        | Gained mutation: You are covered in slimy tendrils that may disarm your opponents. [Jiyva's grace]
  1154 | D        | Gained mutation: Your skin is mostly translucent (Stealth, -foe acc). [Jiyva's grace]
  1187 | D        | Gained mutation: You are partially covered in slimy green scales (AC +2). [Jiyva's grace]
  1189 | D        | Gained mutation: You possess an exceptional clarity of mind. [Jiyva's grace]
  1190 | D        | Lost mutation: Armour fits poorly on your massive pseudopods. [Jiyva's grace]
  1194 | D        | Gained mutation: Armour fits poorly on your massive pseudopods. [Jiyva's grace]
  1194 | D        | Gained mutation: Your flesh is cold resistant. [Jiyva's grace]
  1195 | D        | Lost mutation: You are covered in slimy tendrils that may disarm your opponents. [Jiyva's grace]
  1249 | D        | Lost mutation: Armour fits poorly on your massive pseudopods. [Jiyva's grace]
  1253 | D        | Lost mutation: You are partially covered in slimy green scales (AC +2). [Jiyva's grace]
  1256 | D        | Lost mutation: Your muscles are strong. (Str +2) [Jiyva's grace]
  1311 | D        | Noticed a basilisk
  1331 | D        | Noticed a komodo dragon
  1342 | D        | Killed a komodo dragon
  1401 | D        | Killed a basilisk
  1404 | D        | Noticed an anaconda
  1413 | D        | Killed an anaconda
  1413 | D        | Reached skill level 17 in Unarmed Combat
  1429 | D        | Noticed a jumping spider
  1432 | D        | Noticed an earth elemental
  1436 | D        | Noticed an efreet
  1446 | D        | Killed an earth elemental
  1452 | D        | Killed a jumping spider
  1465 | D        | Killed an efreet
  1543 | D        | Gained mutation: You evolve. [Jiyva's grace]
  1543 | D        | Lost mutation: You possess an exceptional clarity of mind. [Jiyva's grace]
  1567 | D        | Lost mutation: You have acidic saliva. [Jiyva's grace]
  1571 | D        | Noticed an earth elemental
  1589 | D        | HP: 5/123 [poisoned by a ghost moth]
  1589 | D        | HP: 1/123 [something (4)]
  1590 | D        | Succumbed to a ghost moth's poison

Vault maps used:
D:        pitsprint

Action                   |  1- 3 |  4- 6 |  7- 9 | 10-12 || total
-------------------------+-------+-------+-------+-------++-------
Melee: Unarmed           |    27 |    25 |    67 |    41 ||   160
Throw: Stone             |       |     1 |       |       ||     1
Invok: Request Jelly     |       |     2 |     4 |       ||     6
       Slimify           |       |       |     1 |       ||     1
 Abil: Breathe Fire      |       |     2 |       |       ||     2
  Use: Potion            |       |       |     3 |       ||     3
       Scroll            |       |       |     1 |       ||     1
 Stab: Sleeping          |       |     2 |       |       ||     2
       Confused          |       |       |     1 |       ||     1
  Eat: Chunk             |     4 |       |     6 |     2 ||    12
